AoeStats
← V

Arena

509619747Analyzed
2v2 RM · 4d ago on Sep 27, 2026· 36m 39s· 4 players
Game mode
Random Map
Map size
Medium (4 player)
Population
200
Speed
Normal
Resources
Standard
Victory
Conquest
Starting age
Dark Age
Ending age
Imperial Age
RankedLock teamsTeams togetherTeam positionsShared explorationLock speedFull tech treeHidden civsTurbo modeCheats
Victory
Defeat
🇨🇳 Spanish · China
932
+17
🇨🇳 Danes · China
923
+18
🇧🇷 Mongols · Brazil
1029
-20
🇧🇷 Gurjaras · Brazil
898
-15
XDDCC
11:14 Feudal Age
11:18 Loom
15:51 Castle Age
15:13 Horse Collar
16:34 Forging
16:24 Scale Mail Armor
22:43 Double-Bit Axe
25:16 Gambesons
24:51 Man-at-Arms
24:59 Pikeman
29:26 Gambesons
29:42 Squires
30:23 Iron Casting
30:03 Chain Mail Armor
32:26 Arson
36:11 Imperial Age
34:23 Wheelbarrow
34:24 Gold Mining
V
12:10 Feudal Age
15:59 Castle Age
14:04 Horse Collar
14:17 Loom
15:00 Double-Bit Axe
21:21 Fletching
31:48 Imperial Age
31:09 Padded Archer Armor
31:15 Bodkin Arrow
Fuller THE MONSTER
12:35 Feudal Age
14:25 Double-Bit Axe
14:24 Horse Collar
17:27 Castle Age
16:10 Stone Mining
16:18 Gold Mining
20:36 Kshatriyas
20:45 Forging
21:21 Scale Barding Armor
26:54 Scale Mail Armor
28:30 Husbandry
29:49 Wheelbarrow
30:09 Loom
31:38 Chain Mail Armor
32:02 Iron Casting
34:24 Gold Shaft Mining
35:00 Chain Barding Armor
Glacius
11:27 Feudal Age
15:54 Castle Age
16:20 Double-Bit Axe
16:15 Horse Collar
20:38 Fletching
23:37 Bodkin Arrow
29:49 Imperial Age
28:01 Thumb Ring
29:09 Padded Archer Armor
29:24 Bow Saw
32:05 Chemistry
31:38 Stone Mining
31:40 Gold Mining
32:46 Heavy Plow
34:07 Gold Shaft Mining
34:15 Wheelbarrow
33:28 Town Watch
33:31 Loom
34:53 Bloodlines
34:44 Husbandry
35:43 Leather Archer Armor
37:05 Parthian Tactics
37:08 Ballistics
Connection lost

Rejoining the realm…

Still unreachable

The connection could not be restored.

Session expired

The server has moved on; the page needs a fresh start.